 Dungeon Crawl Stone Soup version 0.20-a0-268-gb6bde61 (webtiles) character file.

25 yukitheduck the Magician (level 3, -3/19 HPs)
             Began as a Tengu Wanderer on Dec 6, 2016.
             Slain by a worm (6 damage)
             ... on level 2 of the Dungeon.
             The game lasted 00:06:28 (1502 turns).

yukitheduck the Magician (Tengu Wanderer)           Turns: 1502, Time: 00:06:28

Health: -3/19      AC:  2    Str:  8 (11) XL:     3   Next: 4%
Magic:  4/9        EV: 19    Int: 21 (22) God:
Gold:   41         SH:  0    Dex: 12 (15) Spells: 9/10 levels left

rFire  . . .     SeeInvis .     e - +0 club
rCold  . . .     Gourm    .     d - +0 robe
rNeg   . . .     Faith    .     (no shield)
rPois  .         Spirit   .     (helmet restricted)
rElec  .         Reflect  .     (no cloak)
rCorr  .         Harm     .     (no gloves)
MR     .....                    (boots unavailable)
Stlth  +++.......               (no amulet)
                                (no ring)
                                (no ring)

@: brilliant, agile, flying quickly and evasively, quick
A: beak, talons 3
a: no special abilities


You were on level 2 of the Dungeon.
You were not hungry.

You visited 1 branch of the dungeon, and saw 2 of its levels.

You collected 41 gold pieces.

Inventory:

Hand Weapons
 e - a +0 club (weapon)
Armour
 d - a +0 robe (worn)
Jewellery
 k - a cursed -2 ring of strength {unknown}
Wands
 s - a wand of iceblast (11/15)
Scrolls
 h - 2 scrolls of remove curse {unknown}
 m - a scroll of blinking {unknown}
 n - a scroll of fog {unknown}
 o - a scroll of teleportation {unknown}
 u - a scroll of identify {unknown}
Potions
 c - a potion of lignification
 f - a potion of brilliance
 i - a potion of degeneration
 j - a potion of agility
 q - a potion of haste {unknown}
 r - a potion of curing
Books
 a - a book of Minor Magic

   Spells                             Type                      Level
   a - Magic Dart                     Conjuration                  1
   b - Blink                          Translocation                2
   c - Call Imp                       Summoning                    2
   d - Repel Missiles                 Charms/Air                   2
   e - Slow                           Hexes                        2
   f - Conjure Flame                  Conjuration/Fire             3
   g - Mephitic Cloud                 Conjuration/Poison/Air       3
 b - the Reference Book on Summoning

   Spells                             Type                      Level
   a - Summon Small Mammal            Summoning                    1
   b - Summon Guardian Golem          Hexes/Summoning              3
Comestibles
 g - 2 bread rations
 p - a meat ration
 t - 2 chunks of flesh


   Skills:
 - Level 2.0 Stealth
 - Level 4.0 Spellcasting
 + Level 3.8 Conjurations
   Level 1.1 Necromancy
   Level 1.3 Air Magic
   Level 1.0 Poison Magic


You had 9 spell levels left.
You knew the following spells:

 Your Spells              Type           Power        Failure   Level  Hunger
a - Magic Dart            Conj           ####         1%          1    None


Dungeon Overview and Level Annotations

Branches:
Dungeon (2/15)

Altars:


Innate Abilities, Weirdness & Mutations

You have a beak for a mouth.
You have claws for feet.


Message History

You swoop lightly up into the air.
You hit the worm but do no damage.
The worm is heavily wounded.
The worm bites you!
* * * LOW HITPOINT WARNING * * *
You hit the worm.
The worm is heavily wounded.
You barely miss the worm. You peck the worm, but do no damage.
The worm is heavily wounded.
The worm misses you.
You hit the worm. You claw the worm, but do no damage.
The worm is severely wounded.
The worm barely misses you.
You hit the worm.
The worm is severely wounded.
The worm completely misses you.
You barely miss the worm.
The worm is severely wounded.
The worm bites you.
You die...

.#.....#...(
.#......####
##......###.
#.......##.###
#.....#.##...#
#.....#..###.####
#######.>..w....#
............#w#
............+@#
#............###
#....(.......#
#..........).#
#......(.....#
............#


You could see a worm.

Vanquished Creatures
  A leopard gecko (D:1)
  2 giant cockroaches
  2 goblins (D:1)
  5 hobgoblins
  A jackal (D:1)
  A ball python (D:2)
  3 bats
  A frilled lizard (D:2)
  4 kobolds
  A rat (D:1)
21 creatures vanquished.

Notes
Turn   | Place    | Note
-------+----------+-------------------------------------------
     0 | D:1      | yukitheduck the Tengu Wanderer began the quest for the Orb.
     0 | D:1      | yukitheduck set off with: a book of Minor Magic, the Reference Book on Summoning, a potion of lignification, a +0 robe, a +0 club, a +0 dagger, a bread ration
     0 | D:1      | Reached XP level 1. HP: 10/10 MP: 6/6
     2 | D:1      | Learned a level 1 spell: Magic Dart
   364 | D:1      | Reached XP level 2. HP: 15/15 MP: 5/8
  1383 | D:2      | Reached XP level 3. HP: 16/19 MP: 7/9
  1502 | D:2      | Slain by a worm

Vault maps used:
D:1:      dpeg_arrival_brainrot, lemuel_another_geyser
D:2:      uniq_jessica

Skill      XL: |  1  2 |
---------------+-------+-----
Conjurations   | 2 3 |  3.8
Stealth        | |  2.0
Spellcasting   | |  4.0
Necromancy     | |  1.1
Air Magic      | |  1.3
Poison Magic   | |  1.0

Action                   || total
-------------------------++-------
Melee: Club              ||    12
       Kick              ||     2
       Peck              ||     2
 Cast: Magic Dart        ||    64
  Use: Potion            ||     5
  Eat: Chunk             ||     2
Armor: Robe              ||     2
Dodge: Dodged            ||    17
